 Dungeon Crawl Stone Soup version 0.29.1-4-g47bece8355 (webtiles) character file.

Game seed: 5165299367989221946

42619 sanboga the Brawler (level 13, -1/123 (132) HPs)
             Began as a Troll Berserker on Dec 6, 2022.
             Was the Champion of Trog.
             Slain by a tengu warrior
             ... wielding a +2 dire flail of draining
              (10 damage)
             ... on level 15 of the Dungeon.
             The game lasted 00:23:28 (13982 turns).

sanboga the Brawler (Troll Berserker)              Turns: 13982, Time: 00:23:29

HP:   -1/123 (132)  AC: 12    Str: 32    XL:     13   Next: 86%
MP:   0/12          EV: 15    Int:  3    God:    Trog [******]
Gold: 873           SH:  0    Dex:  9    Spells: 12/12 levels left

rFire   + . .      SeeInvis .     - Unarmed
rCold   . . .      Faith    .   (no shield)
rNeg    . . .      Spirit   +   D - +1 swamp dragon scales
rPois   +          Reflect  .   (helmet restricted)
rElec   .          Harm     .   (no cloak)
rCorr   .          Rampage  .   (gloves unavailable)
Will    .....                   (boots unavailable)
Stlth   ..........              r - amulet of guardian spirit
HPRegen 1.10/turn               p - ring of protection from fire
MPRegen 0.13/turn               C - +4 ring of evasion

@: drained
A: large, unfitting armour, claws 3, regeneration 1, shaggy fur 1, tough skin 1
a: Renounce Religion, Berserk, Trog's Hand, Brothers in Arms


You were on level 15 of the Dungeon.
You worshipped Trog.
Trog was exalted by your worship.
You visited 1 branch of the dungeon, and saw 15 of its levels.
You also visited: Ossuary and Bailey.

You collected 1194 gold pieces.
You spent 321 gold pieces at shops.

Inventory:

Hand Weapons
 n - the +9 sword of Zonguldrok {reap}
   (You found it on level 2 of the Dungeon)

   Any living foe damaged by it may be reanimated upon death as a zombie
   friendly to the wielder, with an increasing chance as more damage is dealt.
 t - a +2 scimitar of flaming
Armour
 D - +1 swamp dragon scales (worn)
Jewellery
 p - a ring of protection from fire (left claw)
 r - an amulet of guardian spirit (around neck)
 B - a ring of protection from fire
 C - a +4 ring of evasion (right claw)
Wands
 b - a wand of quicksilver (20)
 e - a wand of charming (15)
 i - a wand of flame (21)
 x - a wand of polymorph (7)
 y - a wand of roots (16)
Scrolls
 c - a scroll of silence
 d - 9 scrolls of teleportation
 f - 2 scrolls of enchant armour
 j - 6 scrolls of enchant weapon
 m - a scroll of brand weapon
 s - 2 scrolls of magic mapping
 u - 5 scrolls of poison
 z - 6 scrolls of fear
 E - 4 scrolls of identify
Potions
 a - 2 potions of ambrosia
 g - 3 potions of cancellation
 h - 11 potions of curing
 k - 7 potions of heal wounds
 l - 2 potions of flight
 o - 4 potions of mutation
 v - 2 potions of haste
 w - 3 potions of berserk rage
 A - 3 potions of might
 G - 3 potions of resistance
 H - a potion of lignification


   Skills:
 + Level 9.7 Fighting
 + Level 9.2 Armour
 + Level 9.7 Dodging
 * Level 15.6 Unarmed Combat


You had 12 spell levels left.
You didn't know any spells.
Your spell library was empty.

Dungeon Overview and Level Annotations

Branches:
Dungeon (15/15)            Temple (0/1) D:5            Lair (0/5) D:10
    Orc (0/2) D:12         Vaults (0/5) D:13        Ossuary (visited)
 Bailey (visited)
 Depths: D:15

Altars:
Dithmenos
Elyvilon
Fedhas
Gozag
Hepliaklqana
Kikubaaqudgha
Makhleb
Nemelex Xobeh
Qazlal
Ru
Uskayaw
Vehumet
Wu Jian
Xom
Yredelemnul
The Shining One
Lugonu

Shops:
D:1 !   D:4 !   D:9 !


Innate Abilities, Weirdness & Mutations

You are too large for most types of armour.
You have claws for hands.
Your natural rate of healing is unusually fast.
You are covered in fur. (AC +1)
You have tough skin. (AC +1)


Message History

The centaur warrior kicks you but does no damage.
You barely miss the centaur warrior.
The centaur warrior is almost dead.
The centaur warrior hits you but does no damage.
The centaur warrior kicks you but does no damage.
You mangle the centaur warrior!!
You kill the centaur warrior!
Trog accepts your kill. The tengu warrior misses you.
The tengu warrior pecks you.
The tengu warrior claws you but does no damage.
You miss the tengu warrior. Your claw misses the tengu warrior.
You barely miss the tengu warrior.
The tengu warrior hits you with a +2 dire flail of draining!
You feel drained.
* * * LOW HITPOINT WARNING * * *
The tengu warrior closely misses you.
The tengu warrior claws you but does no damage.
You barely miss the tengu warrior.
The tengu warrior hits you with a +2 dire flail of draining!
* * * LOW HITPOINT WARNING * * *
You feel drained.
* * * LOW HITPOINT WARNING * * *
The tengu warrior pecks you but does no damage.
The tengu warrior closely misses you.
You scratch the tengu warrior.
The tengu warrior is lightly wounded.
You completely miss the tengu warrior.
The tengu warrior is lightly wounded.
The tengu warrior hits you with a +2 dire flail of draining!
* * * LOW HITPOINT WARNING * * *
You feel drained.
* * * LOW HITPOINT WARNING * * *
The tengu warrior pecks you but does no damage.
The tengu warrior claws you.
* * * LOW HITPOINT WARNING * * *
You eviscerate the tengu warrior!!!
The tengu warrior is heavily wounded.
You hear a shout!
The tengu warrior hits you with a +2 dire flail of draining!
You die...

...#.############......
....#...................
......#..##...####.###.#
...#....#...### #.....#
.........### #.###.#
.#......#.........# #.#
Q..#....#########.###..
ยง ##...# ....... #.#@.#
#.##### #.#)Q.# ..#..#.#
.##### ......... ......
#######.## .##### #.#
#.. #.. ### ..#


You could see a tengu warrior.

Vanquished Creatures
  Rupert (D:14)
  Kirke (D:15)
  Roxanne (D:14)
  4 vault guards (D:13)
  Harold (D:11)
  4 centaur warriors
  2 hydras
  2 two-headed ogres
  Erica (D:11)
  3 boulder beetles
  An ogre mage (D:13)
  A tengu warrior (D:13)
  A deep elf knight (D:13)
  A death drake (shapeshifter) (D:15)
  A wizard (D:15)
  4 orc knights
  5 deep elf pyromancers
  An orc sorcerer (D:13)
  4 cyclopes
  11 ugly things
  A manticore (D:15)
  Joseph (D:9)
  A gargoyle (D:6)
  Maggie (D:6)
  An unseen horror (D:12)
  A freezing wraith (D:14)
  An efreet (D:13)
  A komodo dragon (D:9)
  A tengu conjurer (D:13)
  5 trolls
  A slime creature (D:12)
  A centaur simulacrum (D:14)
  2 wraiths (D:11)
  2 water elementals (D:15)
  3 wyverns
  2 vampires
  11 yaks
  Grum (D:8)
  A hog (shapeshifter) (D:12)
  A human (D:13)
  5 vampire mosquitoes
  2 basilisks
  3 steam dragons (D:8)
  Menkaure (D:5)
  5 acid dragons
  A warg (D:15)
  4 water moccasins
  15 orc warriors
  3 ice beasts
  A sky beast (D:8)
  2 black bears
  3 ogres
  4 wolves (D:8)
  10 centaurs
  A phantom (D:4)
  A kobold brigand (D:7)
  4 bullfrogs
  3 necrophages
  2 gnoll sergeants
  2 scorpions
  8 wights
  9 killer bees
  4 howler monkeys
  2 electric eels (D:15)
  2 crimson imps
  4 hounds
  A jelly (D:5)
  8 orc priests
  3 gnoll boudas
  7 iguanas
  Ijyb (D:5)
  9 orc wizards
  13 mummies (Ossuary)
  Robin (D:3)
  8 adders
  24 gnolls
  A white imp (D:5)
  2 ufetubi
  3 worms
  A dart slug (D:2)
  67 orcs
  9 ball pythons
  6 bats
  9 endoplasms
  9 giant cockroaches
  10 goblins
  11 hobgoblins
  4 quokkas
  6 frilled lizards
  A gnoll skeleton (Ossuary)
  2 goblin skeletons (Ossuary)
  15 kobolds
  4 kobold skeletons (Ossuary)
  An orc skeleton (Ossuary)
  3 rats (D:1)
  11 rat skeletons (Ossuary)
440 creatures vanquished.

Vanquished Creatures (others)
  3 humans (D:15)
  A fungus (D:10)
  A lurking horror (D:15)
  12 plants
17 creatures vanquished.

Grand Total: 457 creatures vanquished

Notes
Turn   | Place    | Note
-------+----------+-------------------------------------------
     0 | D:1      | sanboga the Troll Berserker began the quest for the Orb.
     0 | D:1      | Reached XP level 1. HP: 22/22 MP: 0/0
   167 | D:1      | Reached XP level 2. HP: 29/29 MP: 1/1
   184 | D:1      | Found Viomn's Distillery.
   503 | D:1      | Reached XP level 3. HP: 33/36 MP: 2/2
   734 | D:2      | Reached ** piety under Trog
   804 | D:2      | Reached skill level 4 in Unarmed Combat
   821 | D:2      | Reached XP level 4. HP: 44/44 MP: 3/3
   841 | D:2      | Found the +9 sword of Zonguldrok {reap}
   965 | D:2      | Found a basalt altar of Yredelemnul.
  1278 | D:3      | Noticed Robin
  1289 | D:3      | Reached skill level 1 in Armour
  1310 | D:3      | Killed Robin
  1311 | D:3      | Reached XP level 5. HP: 42/53 MP: 4/4
  1346 | D:3      | Reached *** piety under Trog
  1356 | D:3      | Found a stormy altar of Qazlal.
  1380 | D:3      | Found a sacrificial altar of Ru.
  1816 | D:3      | Found a glowing golden altar of the Shining One.
  1818 | D:3      | Noticed an angel
  1829 | D:3      | Found a basalt altar of Yredelemnul.
  1831 | D:3      | Noticed a profane servitor
  2191 | D:4      | Reached XP level 6. HP: 61/61 MP: 5/5
  2200 | D:4      | Reached skill level 5 in Unarmed Combat
  2368 | D:4      | Reached **** piety under Trog
  2506 | D:4      | Reached XP level 7. HP: 54/68 MP: 6/6
  2562 | D:4      | You fall into a shaft and drop 1 floor!
  2562 | D:5      | Entered Level 5 of the Dungeon
  2562 | D:5      | Found a staircase to the Ecumenical Temple.
  2586 | D:5      | Identified the +6 spear of the Bashing Fox {venom, Stlth+}
  2741 | D:5      | Noticed Ijyb
  2748 | D:5      | Reached skill level 6 in Unarmed Combat
  2751 | D:5      | Killed Ijyb
  2790 | D:5      | Noticed Menkaure
  2799 | D:5      | Killed Menkaure
  3143 | D:4      | Reached XP level 8. HP: 78/78 MP: 7/7
  3402 | D:4      | Found Huesyry's Distillery.
  3405 | D:4      | Bought a potion of heal wounds for 70 gold pieces
  3405 | D:4      | Bought a potion of might for 56 gold pieces
  3660 | D:5      | Reached ***** piety under Trog
  3732 | D:5      | Reached skill level 7 in Unarmed Combat
  3924 | D:6      | Found a sand-covered staircase.
  3928 | Ossuary  | Entered an ossuary
  4381 | D:6      | Found a burning altar of Makhleb.
  4381 | D:6      | Found a shimmering altar of Xom.
  4470 | D:6      | Noticed Maggie
  4477 | D:6      | Killed Maggie
  4478 | D:6      | Reached skill level 5 in Fighting
  4478 | D:6      | Reached skill level 5 in Dodging
  4478 | D:6      | Reached skill level 8 in Unarmed Combat
  4478 | D:6      | Reached XP level 9. HP: 86/88 MP: 8/8
  4660 | D:6      | Noticed a gargoyle
  4677 | D:6      | Killed a gargoyle
  4998 | D:6      | Found a hazy altar of Hepliaklqana.
  5001 | D:6      | Found a sparkling altar of Nemelex Xobeh.
  5001 | D:6      | Found a shadowy altar of Dithmenos.
  5011 | D:6      | Found a hide-covered altar of Uskayaw.
  5014 | D:6      | Found a white marble altar of Elyvilon.
  5372 | D:7      | Reached skill level 9 in Unarmed Combat
  5764 | D:7      | Found an opulent altar of Gozag.
  5903 | D:7      | Identified the +3 pair of gloves of Ynneaseh {Int+3}
  6096 | D:8      | Reached skill level 5 in Armour
  6175 | D:8      | Received a gift from Trog
  6176 | D:8      | Reached XP level 10. HP: 96/98 MP: 9/9
  6470 | D:8      | Reached skill level 10 in Unarmed Combat
  6498 | D:8      | Noticed Grum
  6506 | D:8      | Killed Grum
  6761 | D:8      | Found a radiant altar of Vehumet.
  7085 | D:9      | Noticed Joseph
  7096 | D:9      | Killed Joseph
  7450 | D:9      | Found a flagged portal.
  7459 | Bailey   | Entered a bailey
  7577 | Bailey   | Found a large runed translucent door.
  7577 | Bailey   | Found a large runed translucent door.
  7578 | Bailey   | Noticed a deep elf pyromancer
  7580 | Bailey   | Noticed an orc knight
  7599 | Bailey   | Killed an orc knight
  7600 | Bailey   | Reached skill level 11 in Unarmed Combat
  7763 | Bailey   | Killed a deep elf pyromancer
  7849 | D:9      | Found Rigienkauts's Distillery.
  7859 | D:9      | Bought a potion of heal wounds for 65 gold pieces
  7859 | D:9      | Bought a potion of haste for 130 gold pieces
  7968 | D:9      | Reached XP level 11. HP: 96/107 MP: 8/10
  8115 | D:10     | Entered Level 10 of the Dungeon
  8124 | D:10     | Found an ornate altar of the Wu Jian Council.
  8244 | D:10     | Found a staircase to the Lair.
  8275 | D:10     | Identified the +5 lajatang of the Everdark {vorpal, Str+4}
                  | (Trog gifted it to you on level 10 of the Dungeon)
  8275 | D:10     | Received a gift from Trog
  8856 | D:10     | Found an ancient bone altar of Kikubaaqudgha.
  8858 | D:10     | Found a blossoming altar of Fedhas.
  8946 | D:11     | Noticed Harold
  8953 | D:11     | Killed Harold
  8960 | D:11     | Reached skill level 12 in Unarmed Combat
  9074 | D:11     | Noticed Erica
  9094 | D:11     | Killed Erica
  9222 | D:11     | Noticed a boulder beetle
  9234 | D:11     | Killed a boulder beetle
  9486 | D:11     | Noticed Sonja
  9487 | D:11     | Noticed Sonja
  9487 | D:11     | Sonja changed into Sonja the centaur
  9489 | D:11     | Killed Sonja the centaur
  9538 | D:11     | Noticed a two-headed ogre
  9545 | D:11     | Killed a two-headed ogre
 10027 | D:12     | Noticed a boulder beetle
 10038 | D:12     | Killed a boulder beetle
 10127 | D:12     | Noticed a deep elf pyromancer
 10135 | D:12     | Reached XP level 12. HP: 119/119 MP: 11/11
 10203 | D:12     | Reached skill level 13 in Unarmed Combat
 10435 | D:12     | Found a staircase to the Orcish Mines.
 10787 | D:13     | Noticed a two-headed ogre
 10788 | D:13     | Noticed a centaur warrior
 10796 | D:13     | Killed a centaur warrior
 10800 | D:13     | Killed a two-headed ogre
 10890 | D:13     | Noticed a boulder beetle
 10915 | D:13     | Killed a boulder beetle
 11068 | D:13     | Noticed a vault guard
 11068 | D:13     | Noticed a vault guard
 11293 | D:13     | Noticed a tengu warrior
 11312 | D:13     | Killed a tengu warrior
 11312 | D:13     | Reached ****** piety under Trog
 11313 | D:13     | Reached skill level 14 in Unarmed Combat
 11430 | D:13     | Noticed an ogre mage
 11589 | D:13     | Killed an ogre mage
 11753 | D:13     | Noticed a five-headed hydra
 11763 | D:13     | Killed a nine-headed hydra
 11938 | D:13     | Killed a vault guard
 11939 | D:13     | Reached XP level 13. HP: 75/130 MP: 7/12
 12129 | D:13     | Found a gate to the Vaults.
 12499 | D:14     | HP: 3/131 [cyan ugly thing (16)]
 12785 | D:14     | Reached skill level 15 in Unarmed Combat
 12867 | D:14     | Noticed Roxanne
 12882 | D:14     | Killed Roxanne
 13342 | D:14     | Noticed Rupert
 13350 | D:14     | Killed Rupert
 13488 | D:15     | Entered Level 15 of the Dungeon
 13488 | D:15     | Noticed Kirke
 13504 | D:15     | Killed Kirke
 13591 | D:15     | Received a gift from Trog
 13965 | D:15     | Found a corrupted altar of Lugonu.
 13982 | D:15     | Slain by a tengu warrior

Illustrated notes

Levels and vault maps discovered:
D:1:      erik_arrival_triangle_small, layout_loops_cross, serial_shops,
          nicolae_diamond_shop, minmay_small_reverse_x
D:2:      layout_rooms, basic_altar, nicolae_underground_beach
D:3:      layout_loops_corners, grunt_temple_overflow_holy_war,
          lemuel_tele_altar, nicolae_qazlal_general_emergency,
          minmay_diced_spiral, uniq_robin
D:4:      layout_cave_pods, serial_shops, nicolae_shop_behind_doors
D:5:      layout_basic, minmay_temple_entry_poolview,
          hangedman_abyss_or_decor_lesser_grid, minmay_fire_ice_demons,
          uniq_ijyb, uniq_menkaure
D:6:      layout_cave_pods, minmay_overflow_temple_star_hex,
          grunt_temple_overflow_champion_of_chaos, enter_ossuary_5, uniq_maggie
D:7:      layout_loops_ring, grunt_gozag_statues
D:8:      layout_basic, mainiacjoe_overflow_paths, uniq_grum
D:9:      layout_layer_cave, serial_shops, shop, enter_bailey_2, uniq_joseph
D:10:     layout_roguey, grunt_temple_overflow_growth_and_decay,
          pdpol_wu_jian_five_deadly_venoms, minmay_lair_entry_grove,
          kennysheep_generic_room_7
D:11:     layout_roguey, uniq_sonja, uniq_harold, uniq_erica
D:12:     layout_cave_pods, david_orc_5, minmay_fractal_squares_gapless_5
D:13:     layout_roguey, grunt_vaults_entry_fortified, kennysheep_generic_room_5
D:14:     layout_long_grid, minmay_misc_feat_plants, uniq_roxanne, uniq_rupert
D:15:     grunt_enter_depths_magical_seal, layout_basic, chequers_big_river,
          minmay_crystal_room, amcnicky_altar_lugonu_corruption, uniq_kirke

Skill      XL: |  1  2  3  4  5  6  7  8  9 10 11 12 13 |
---------------+----------------------------------------+-----
Unarmed Combat | 4 5 6 8 9 11 12 14 15 | 15.6
Dodging        | 3 4 5 6 7 8 9 |  9.7
Fighting       | 3 4 5 6 7 8 9 |  9.7
Armour         | 1 2 3 4 5 6 7 8 9 |  9.2

Action                   |  1- 3 |  4- 6 |  7- 9 | 10-12 | 13-15 || total
-------------------------+-------+-------+-------+-------+-------++-------
Melee: Unarmed           |    80 |   194 |   368 |   547 |   209 ||  1398
       Punch             |       |     3 |    13 |    38 |    21 ||    75
Invok: Berserk           |     1 |       |     3 |    10 |     8 ||    22
Evoke: Wand              |       |       |       |     3 |       ||     3
  Use: Scroll            |       |       |    18 |    10 |     1 ||    29
       Potion            |       |       |       |       |     1 ||     1
Armor: Animal skin       |    17 |       |       |       |       ||    17
       Acid dragon scale |     8 |    96 |    75 |       |       ||   179
       Swamp dragon scal |       |       |    70 |   260 |    61 ||   391
Dodge: Dodged            |    47 |    99 |   151 |   379 |   104 ||   780
